 Dungeon Crawl Stone Soup version 0.30-a0-777-ga9a30cbeda (console) character file.

Game seed: 12230034543376578994

5 rlgrobin the Trooper (level 1, 0/18 HPs)
             Began as a Mummy Monk on Feb 14, 2023.
             Slain by a kobold
             ... wielding a +0 club
              (3 damage)
             ... on level 1 of the Dungeon.
             The game lasted 00:00:15 (183 turns).

rlgrobin the Trooper (Mummy Monk)                    Turns: 183, Time: 00:00:16

Health: 0/18       AC:  0    Str: 14    XL:     1   Next: 66%
Magic:  1/1        EV: 12    Int:  9    God:
Gold:   28         SH:  0    Dex: 14    Spells: 0/0 levels left

rFire   x . .      SeeInvis .      - Unarmed
rCold   + . .      Faith    +    (no shield)
rNeg    + + +      Spirit   .    (no body armour)
rPois   ∞          Reflect  .    (no helmet)
rElec   .          Harm     .    (no cloak)
rCorr   .          Rampage  .    (no gloves)
Will    .....                    (no boots)
Stlth   ++                       (no amulet)
HPRegen 0.23/turn                (no ring)
MPRegen 0.07/turn                (no ring)

@: no status effects
A: cold resistance 1, negative energy resistance 3, torment resistance 2, heat
vulnerability 1, no potions, faith
a: no special abilities


You were on level 1 of the Dungeon.
You visited 1 branch of the dungeon, and saw 1 of its levels.

You collected 28 gold pieces.

You aren't carrying anything.


   Skills:
 - Level 3.0 Fighting
 - Level 2.4 Dodging
 - Level 1.5 Stealth
 + Level 2.7 Unarmed Combat


You couldn't memorise any spells.
You didn't know any spells.
Your spell library was empty.

Dungeon Overview and Level Annotations

Branches:
Dungeon (1/15)

Altars:


Innate Abilities, Weirdness & Mutations

You are immune to poison.
Your flesh is cold resistant. (rC+)
You are immune to negative energy. (rN+++)
You are immune to unholy pain and torment.
You are vulnerable to heat. (rF-)
You do not drink.
You have a special connection with the divine. (Faith)


Message History

You hit the dart slug but do no damage.
The dart slug is severely wounded.
You hit the dart slug.
You kill the dart slug!
HP restored.
You now have 9 gold pieces.
You now have 17 gold pieces (gained 8).
There is a stone staircase leading down here.
You now have 28 gold pieces (gained 11).
A kobold comes into view. It is wielding a +0 club.
A kobold comes into view. It is wielding a +0 whip.
The kobold shouts!
The kobold throws a stone.
The stone hits you.
A kobold comes into view. It is wielding a +0 dagger.
The kobold shouts!
The kobold attacks as you move away! The kobold hits you with a +0 club.
The kobold throws a stone.
The stone hits you. The kobold attacks as you move away!
The kobold hits you with a +0 whip. The kobold attacks as you move away!
The kobold hits you with a +0 dagger. The kobold attacks as you move away!
The kobold barely misses you. The kobold closely misses you.
The kobold attacks as you move away! The kobold hits you with a +0 whip.
You closely miss the kobold. The kobold hits you with a +0 dagger.
You hit the kobold but do no damage. The kobold hits you with a +0 dagger.
* * * LOW HITPOINT WARNING * * *
You hit the kobold.
You kill the kobold!
You hit the kobold.
The kobold is moderately wounded.
The kobold hits you with a +0 whip.
* * * LOW HITPOINT WARNING * * *
You barely miss the kobold.
The kobold is moderately wounded.
The kobold hits you with a +0 whip.
* * * LOW HITPOINT WARNING * * *
You hit the kobold.
You kill the kobold!
The kobold throws a stone.
The stone closely misses you. The kobold hits you with a +0 club.
You die...

#.#.#.#...# #.#.#.....#
###.#.......# ###
#...........# ###..
#.#........####.#.. #
#.#....#........#.. ###.#
#...#.......#.#.#..
#.....###.........#...#..
#.......@K........###.#..
####.#####..#...#.###.#..
#............##....
#.#..##......####..
#............# #..
.....#........# ###
###....######## . #.##.#
.. #. #. ≈≈


You could see a kobold.

Vanquished Creatures
  A dart slug (D:1)
  2 kobolds (D:1)
  A frilled lizard (D:1)
4 creatures vanquished.

Notes
Turn   | Place    | Note
-------+----------+-------------------------------------------
     0 | D:1      | rlgrobin the Mummy Monk began the quest for the Orb.
     0 | D:1      | Reached XP level 1. HP: 18/18 MP: 1/1
   183 | D:1      | Slain by a kobold

Illustrated notes

Levels and vault maps discovered:
D:1:      dpeg_arrival_water_fire, layout_basic, serial_shops, shop,
          kennysheep_crisscross

Action                     || total
---------------------------++-------
  Melee: Unarmed           ||    14
  Dodge: Dodged            ||     6

Table legend: (Time is in decaauts)
 A = Elapsed time spent in this place.
 B = Non-inter-level travel time spent in this place.
 C = Inter-level travel time spent in this place.
 D = Time resting spent in this place.
 E = Time spent auto-exploring this place.
 F = Levels seen in this place.
 G = Mean time per level.
                   A        B        C        D        E       F      G
               +--------+--------+--------+--------+--------+-----+--------+
         Total |    184 |    184 |      0 |      0 |    142 |   1 |  184.0 |
       Dungeon |    184 |    184 |      0 |      0 |    142 |   1 |  184.0 |
               +--------+--------+--------+--------+--------+-----+--------+

Top non-repeatable levels by time:
     D:1: 184 daAuts
